 Dungeon Crawl Stone Soup version 0.20.1-1-g8b1a95d (webtiles) character file.

84 wojtek the Grave Robber (level 4, -4/24 HPs)
             Began as a Kobold Necromancer on Dec 22, 2017.
             Slain by Natasha (8 damage)
             ... on level 2 of the Dungeon.
             The game lasted 00:04:10 (3016 turns).

wojtek the Grave Robber (Kobold Necromancer)        Turns: 3016, Time: 00:04:11

Health: -4/24      AC:  2    Str:  5    XL:     4   Next: 74%
Magic:  2/7        EV: 15    Int: 17    God:
Gold:   90         SH:  0    Dex: 15    Spells: 6/7 levels left

rFire    . . .     SeeInvis .   k - +0 dagger
rCold    . . .     Gourm    .   (shield restricted)
rNeg     . . .     Faith    .   a - +0 robe
rPois    .         Spirit   .   (no helmet)
rElec    .         Reflect  .   (no cloak)
rCorr    .         Harm     .   (no gloves)
MR       .....                  (no boots)
Stlth    ++........             (no amulet)
Regen    0.1/turn               (no ring)
MPRegen  0.1/turn               (no ring)

@: very slightly contaminated, slowed, very slow
A: carnivore 3
a: no special abilities


You were on level 2 of the Dungeon.
You were completely stuffed.

You visited 1 branch of the dungeon, and saw 2 of its levels.

You collected 90 gold pieces.

Inventory:

Hand Weapons
 j - a +0 spear
 k - a +0 dagger (weapon)
 m - a +0 short sword
 n - a cursed -1 spear
Armour
 a - a +0 robe (worn)
Jewellery
 h - an uncursed ring of poison resistance {unknown}
Scrolls
 d - a scroll of fog {unknown}
 g - 2 scrolls of teleportation {unknown}
 i - a scroll of magic mapping {unknown}
 p - a scroll of remove curse {unknown}
Potions
 e - a potion of degeneration {unknown}
 f - a potion of ambrosia {unknown}
 o - a potion of heal wounds {unknown}
Books
 b - a book of Necromancy

   Spells                             Type                      Level
   a - Pain                           Necromancy                   1
   b - Animate Skeleton               Necromancy                   1
   c - Vampiric Draining              Necromancy                   3
   d - Regeneration                   Charms/Necromancy            3
   e - Animate Dead                   Necromancy                   4
   f - Control Undead                 Necromancy                   4
Comestibles
 c - a meat ration
 l - 2 chunks of flesh


   Skills:
 - Level 2.4 Dodging
 - Level 2.6 Stealth
 - Level 2.1 Spellcasting
 + Level 5.8 Necromancy


You had 6 spell levels left.
You knew the following spells:

 Your Spells              Type           Power        Failure   Level  Hunger
a - Pain                  Necr           ###.         1%          1    #......


Dungeon Overview and Level Annotations

Branches:
Dungeon (2/15)

Altars:

Annotations:
D:2 Natasha


Innate Abilities, Weirdness & Mutations

You are small and have problems with some larger weapons.
You are carnivorous and can eat meat at any time.


Message History

You are very lightly contaminated with residual magic.
Nothing appears to happen.
Natasha mumbles some strange words.
Natasha's front paws start to glow.
Casting: Pain
Confirm with . or Enter, or press ? or * to list all spells.
Aiming: Pain
Press: ? - help, Shift-Dir - straight line, f/p - Natasha
Aim: Natasha (heavily wounded, chance to defeat MR: 80%) Natasha writhes in agony!
Natasha mumbles some strange words.
Natasha claws you!
* * * LOW HITPOINT WARNING * * *
Casting: Pain
Confirm with . or Enter, or press ? or * to list all spells.
Aiming: Pain
Press: ? - help, Shift-Dir - straight line, f/p - Natasha
Aim: Natasha (heavily wounded, chance to defeat MR: 80%) Natasha writhes in agony!
Natasha claws you!
You die...

#.##.##.#
.#####..
#.##.## #
......
#.##..# #
####..
#.###.#.# #..
##.###.#.#
#..
#.......?##
....
#.#.#.#.#.###
##(##
#............
#. #
#.#..@....#.
. .
#....h5.....#
#.#.......###
#....>.......
###.......#.#
..........#
##.#.#.#.#.#
#######...#


You could see Natasha and a crimson imp.

Vanquished Creatures
  2 adders
  An ooze (D:1)
  A worm (D:1)
  3 dart slugs
  4 leopard geckos
  4 bats
  A giant cockroach (D:1)
  2 goblins
  9 hobgoblins
  A jackal (D:1)
  A quokka (D:2)
  4 ball pythons
  3 frilled lizards (D:1)
  7 kobolds
  6 rats (D:1)
49 creatures vanquished.

Notes
Turn   | Place    | Note
-------+----------+-------------------------------------------
     0 | D:1      | wojtek the Kobold Necromancer began the quest for the Orb.
     0 | D:1      | Reached XP level 1. HP: 10/10 MP: 3/3
   207 | D:1      | Reached XP level 2. HP: 13/15 MP: 1/5
   677 | D:1      | Reached XP level 3. HP: 15/19 MP: 1/6
  1206 | D:1      | Reached skill level 5 in Necromancy
  1781 | D:1      | Reached XP level 4. HP: 12/24 MP: 2/7
  3008 | D:2      | Noticed Natasha
  3016 | D:2      | Slain by Natasha

Skill      XL: |  1  2  3 |
---------------+----------+-----
Necromancy     | 5 |  5.8
Dodging        | |  2.4
Stealth        | |  2.6
Spellcasting   | |  2.1

Action                   |  1- 3 |  4- 6 || total
-------------------------+-------+-------++-------
Melee: Dagger            |    32 |     6 ||    38
       Unarmed           |     4 |       ||     4
 Cast: Pain              |    52 |    42 ||    94
 Stab: Sleeping          |     1 |       ||     1
  Eat: Chunk             |    11 |     5 ||    16
Armor: Robe              |     6 |     2 ||     8
Dodge: Dodged            |    35 |    31 ||    66
